 Dungeon Crawl Stone Soup version 0.12.2-14-g7c90c79 (webtiles) character file.

184 MarVin the Covered (level 4, 9/36 HPs)
             Began as a Demonspawn Fighter on Aug 5, 2013.
             Quit the game on Level 2 of the Dungeon.
             The game lasted 00:03:35 (1310 turns).

MarVin the Covered (Demonspawn Fighter)             Turns: 1310, Time: 00:03:35

HP   9/36        AC  8     Str 17      XL: 4   Next:  5%
MP   3/3         EV  7     Int 10      God:
Gold 113         SH  9     Dex 12      Spells:  0 memorised,  3 levels left

Res.Fire  : . . .   See Invis. : .   a - +0 hand axe {=f}
Res.Cold  : . . .   Warding    : .   n - +0 elf scale mail
Life Prot.: . . .   Conserve   : .   f - +0 buckler
Res.Poison: .       Res.Corr.  : .   (no helmet)
Res.Elec. : .       Clarity    : .   (no cloak)
Sust.Abil.: . .     Spirit.Shd : .   (no gloves)
Res.Mut.  : .       Stasis     : .   (no boots)
Res.Rott. : .       Ctrl.Telep.: .   (no amulet)
Saprovore : . . .   Flight     : .   (no ring)
                                     (no ring)

@: slightly resistant to hostile enchantments, fairly stealthy
A: nightstalker 2, AC +2
a: no special abilities


You were on level 2 of the Dungeon.
You were hungry.

You visited 1 branch of the dungeon, and saw 2 of its levels.

You collected 93 gold pieces.

Inventory:

Hand weapons
 a - a +0,+0 hand axe (weapon) {=f}
Missiles
 i - 5 javelins (quivered)
Armour
 b - a +0 scale mail
 c - a +0 shield
 f - a +0 buckler (worn)
 n - a +0 elven scale mail (worn)
Comestibles
 d - a bread ration
Scrolls
 g - 3 scrolls of remove curse {unknown}
 h - 4 scrolls of identify {unknown}
 j - a scroll of curse armour {unknown}
 m - a scroll of amnesia {unknown}
Jewellery
 l - an uncursed ring of see invisible {unknown}
Potions
 e - 2 potions of curing {unknown}
 k - a potion of slowing {unknown}


   Skills:
 - Level 3.0 Fighting
 * Level 3.0 Axes
 + Level 3.4 Armour
 - Level 3.0 Shields


You had 3 spell levels left.
You didn't know any spells.

Dungeon Overview and Level Annotations

Branches:
Dungeon (2/27)

Altars:


Innate Abilities, Weirdness & Mutations

You are partially covered in yellow scales (AC +2).
You are significantly more attuned to the shadows.


Message History

You are too injured to fight recklessly!
You are too injured to fight recklessly!
You see here an orcish club.
Throwing (i - inventory):
i - 7 javelins (quivered)
Press: ? - help, Shift-Dir - straight line, f - worm
Aim: a worm (heavily wounded)
You throw a javelin. The javelin hits the worm.
The worm is almost dead.
Throwing (i - inventory):
i - 6 javelins (quivered)
Press: ? - help, Shift-Dir - straight line, f/p - worm
Aim: a worm (almost dead)
You throw a javelin. The javelin hits the worm.
You kill the worm!
Your Axes skill increases to level 3!
You have reached level 4!
Your demonic ancestry asserts itself...
Yellow scales grow over part of your body.
You feel clever.
You are feeling hungry.
Are you sure you want to abandon this character and quit the game? (Confirm with "yes".)

#... #.# #.. #.#
###.. # #.#
.....####.# #.##
######..(...#
######...
........#####
#......## #######)#
#.###### #.# #.# #@#
#.# #.# #.# #.### ##
#.# #...###.##.###
###.##.#[....#
#####.###.####.#####
......^..(.# #.....#
(.###.##### ##.###.#
#.# #..>...^


There were no monsters in sight!

Vanquished Creatures
  3 adders (D:2)
  A giant mite (D:1)
  A worm (D:2)
  A giant cockroach (D:1)
  2 hobgoblins (D:1)
  7 kobolds
  A ball python (D:1)
  4 bats
  3 giant newts (D:1)
  6 goblins
  6 rats (D:1)
35 creatures vanquished.

Notes
Turn   | Place    | Note
--------------------------------------------------------------
     0 | D:1      | MarVin, the Demonspawn Fighter, began the quest for the Orb.
     0 | D:1      | Reached XP level 1. HP: 18/18 MP: 0/0
   213 | D:1      | Reached XP level 2. HP: 20/24 MP: 1/1
   460 | D:1      | Gained mutation: You are slightly more attuned to the shadows. [demonic ancestry]
   460 | D:1      | Gained mutation: You are significantly more attuned to the shadows. [demonic ancestry]
   460 | D:1      | Reached XP level 3. HP: 16/30 MP: 2/2
   670 | D:2      | HP: 1/30 [poisoned by an adder]
  1309 | D:2      | Gained mutation: You are partially covered in yellow scales (AC +2). [demonic ancestry]
  1309 | D:2      | Reached XP level 4. HP: 9/36 MP: 3/3
  1310 | D:2      | Quit the game

Action                   |  1- 3 |  4- 6 || total
-------------------------+-------+-------++-------
Melee: Hand axe          |   127 |       ||   127
Throw: Javelin           |     4 |       ||     4
 Stab: Sleeping          |     1 |       ||     1
